Map: Pillars of Gold LE

Players

Serral - Winner!

  • Race: Zerg Zerg
  • Spawn Location: 1:00

Stats

  • Race: Protoss Protoss
  • Spawn Location: 7:00

Event: StayAtHomestory Cup #2

VOD

Have the link to the VOD?

Description

Time

  • Played on: June 13, 2020, 6:27 a.m.
  • Length: 3:54

All games in this series

Show
View Real Time Build Order
Export as new Build Order

Serral Zerg - Winner!

Build Orders: Pool First 

Get SALT Encoding   

  12  0:01  Drone  
  13  0:13  Overlord  
  13  0:17  Drone  
  14  0:32  Drone x2  
  16  0:41  Drone  
  17  0:45  Spawning Pool  
  16  0:50  Drone  
  17  1:06  Extractor, Drone  
  17  1:19  Hatchery  
  16  1:32  Zergling x6  
  19  1:42  Queen  
  21  1:51  Drone  
  22  2:00  Roach Warren  
  21  2:11  Overlord  
  21  2:14  Metabolic Boost  
  21  2:40  Roach x3  
  27  2:44  Roach  
  27  2:51  Zergling x4  
  30  2:56  Overlord  
  29  3:01  Zergling x2  
  30  3:06  Zergling x2  
  30  3:08  Zergling x2  
  32  3:12  Ravager  
  32  3:17  Zergling x2  
  33  3:21  Zergling x2  
  33  3:26  Zergling x2  
  33  3:27  Zergling x2  
  36  3:31  Zergling x2  
  37  3:36  Zergling x2  
Show
View Real Time Build Order
Export as new Build Order

Stats Protoss 

Build Orders: 1 Gate Expand, Dark Templar Rush 

Get SALT Encoding   

  12  0:01  Probe  
  13  0:14  Probe, Pylon  
  14  0:22  Probe  
  15  0:32  Probe  
  16  0:42  Gateway  
  16  0:44  Probe  
  17  0:50  Assimilator  
  17  0:57  Pylon  
  17  1:01  Probe  
  18  1:13  Probe  
  18  1:14  Pylon  
  19  1:25  Probe  
  20  1:33  Nexus  
  20  1:42  Cybernetics Core  
  20  1:47  Zealot  
  22  1:54  Pylon  
  22  1:57  Probe  
  23  2:04  Assimilator  
  23  2:09  Adept  
  23  2:12  Probe  
  26  2:24  Probe  
  27  2:34  Stalker  
  27  2:36  Probe  
  29  2:55  Probe x2  
  29  2:58  Twilight Council  
  31  3:07  Probe x2  
  33  3:19  Probe x2  
  35  3:20  Gateway  
  35  3:27  Probe  
  35  3:28  Probe, Shield Battery  
  37  3:37  Dark Shrine  
  37  3:38  Probe  
  37  3:40  Probe  
  37  3:49  Shield Battery  
Tags
 
Add a new tag
Caveats
  • Supply blocks, unpowered buildings, or Contaminate may cause inaccurate times.
  • Supply counts are checked every 10 seconds.